 Dungeon Crawl Stone Soup version 0.19.1-1-g22dce08 (webtiles) character file.

105946 kae the Executioner (level 16, -1/147 HPs)
             Began as a Hill Orc Fighter on Jan 1, 2017.
             Was the Champion of Beogh.
             Slain by a ghost moth (7 damage)
             ... on level 2 of the Spider Nest on Jan 2, 2017.
             The game lasted 00:43:28 (27652 turns).

kae the Executioner (Hill Orc Fighter)             Turns: 27652, Time: 00:43:29

Health: -1/147     AC: 32    Str: 26    XL:     16   Next: 42%
Magic:  0/26       EV: 10    Int:  8    God:    Beogh [******]
Gold:   1371       SH:  8    Dex: 17    Spells: 0 memorised, 15 levels left

rFire  . . .     SeeInvis .     B - +0 war axe (elec)
rCold  . . .     Gourm    +     W - +0 plate armour {rN+}
rNeg   + + +     Faith    .     S - +1 buckler of Bettofur {*Drain rElec rN+++ MR++}
rPois  +         Spirit   .     c - +1 helmet
rElec  +         Reflect  .     r - +2 cloak
rCorr  .         Harm     .     V - +2 pair of gloves "Faxaj" {rPois Dex+7}
MR     +++..                    q - +2 pair of boots {Fly}
Stlth  ..........               o - amulet of the gourmand
                                p - +3 ring of protection
                                z - ring of Dyitwisyps {+Inv rN+}

@: flying
A: walk on water, electricity resistance
a: Smiting, Recall Orcish Followers, Give Item to Named Follower, Resurrection,
Renounce Religion, Evoke Invisibility, Stop Flying


You were on level 2 of the Spider Nest.
You worshipped Beogh.
Beogh was exalted by your worship.
You were full.

You visited 4 branches of the dungeon, and saw 25 of its levels.
You also visited: Sewer and Ice Cave.

You collected 2012 gold pieces.
You spent 641 gold pieces at shops.

Inventory:

Hand Weapons
 B - a +0 war axe of electrocution (weapon)
Missiles
 U - 6 throwing nets (quivered)
Armour
 c - a +1 helmet (worn)
 q - a +2 pair of boots of flying (worn)
 r - a +2 cloak (worn)
 S - the +1 buckler of Bettofur (worn) {*Drain rElec rN+++ MR++}
   (You found it on level 9 of the Dungeon)

   It insulates you from electricity.
   It renders you almost immune to negative energy.
   It affects your resistance to hostile enchantments.
   It causes draining when unequipped.
 V - the +2 pair of gloves "Faxaj" (worn) {rPois Dex+7}
   (You found it on level 10 of the Dungeon)

   It affects your dexterity (+7).
   It protects you from poison.
 W - a +0 plate armour of positive energy (worn)
Jewellery
 a - an uncursed ring of protection from fire
 o - an amulet of the gourmand (around neck)
 p - a +3 ring of protection (right hand)
 z - the ring of Dyitwisyps (left hand) {+Inv rN+}
   (You found it on level 2 of the Lair of Beasts)

   [ring of positive energy]

   It protects you from negative energy.
   It lets you turn invisible.
 K - an uncursed ring of positive energy
 M - an uncursed ring of protection from cold
 X - an uncursed ring of protection from fire
Wands
 k - a wand of iceblast (7/15)
 w - a wand of heal wounds (3/9)
 F - a wand of hasting (7/9)
 N - a wand of polymorph (19/24)
 R - a wand of teleportation (5/9)
 Y - a wand of teleportation (5/9)
Scrolls
 b - 5 scrolls of amnesia
 g - 3 scrolls of fear
 j - a scroll of torment
 l - 5 scrolls of noise
 u - 10 scrolls of teleportation
 x - 6 scrolls of blinking
 y - 8 scrolls of remove curse
 H - 4 scrolls of identify
 I - 2 scrolls of recharging
 J - 4 scrolls of fog
 L - a scroll of brand weapon
 O - 4 scrolls of magic mapping
 P - 3 scrolls of enchant weapon
Potions
 d - 3 potions of haste
 e - 4 potions of agility
 m - a potion of magic
 n - a potion of cure mutation
 s - 10 potions of curing
 t - 3 potions of ambrosia
 A - a potion of brilliance
 C - 2 potions of cancellation
 D - 3 potions of might
 E - 3 potions of berserk rage
 Q - 3 potions of heal wounds
 T - 2 potions of mutation
Comestibles
 f - 16 bread rations
 h - 10 meat rations
 i - 4 beef jerkies
 v - 8 royal jellies
 G - a slice of pizza
 Z - 21 fruits


   Skills:
 + Level 14.5 Fighting
 * Level 21.1 Axes
 + Level 13.9 Armour
 + Level 4.1 Dodging
 - Level 9.7 Shields
 + Level 14.5 Invocations


You had 15 spell levels left.
You didn't know any spells.

Dungeon Overview and Level Annotations

Branches:
Dungeon (15/15)            Temple (0/1) D:5            Lair (6/6) D:11
  Swamp (0/4) Lair:2       Spider (2/4) Lair:2        Slime (0/5) Lair:6
    Orc (2/2) D:12            Elf (0/3) Orc:2        Vaults (0/5) D:13
 Depths (0/5) D:15

Altars:
Cheibriados
Elyvilon
Fedhas
Kikubaaqudgha
Okawaru
Vehumet
Zin
Beogh
Jiyva

Shops:
D:6 %   D:9 (   D:14 %   D:15 [   Orc:1 (([(   Orc:2 }??(

Annotations:
Lair:6 1 runed door


Innate Abilities, Weirdness & Mutations

You can walk on water.
You are resistant to electric shocks. (rElec)


Message History

You closely miss something. You slice something!!
There is a sudden explosion of sparks!
You feel you are being watched by something.
You block something's attack. Something hits you but does no damage.
Something stings you but does no damage.
Your plate armour prevents you from hitting something.
Something hits you but does no damage. x2; You block something's attack.
You hit something.
You feel you are being watched by something.
Something hits you but does no damage. x2
Something stings you but does no damage.
You closely miss something.
You feel you are being watched by something.
You block something's attack. Something hits you but does no damage.
Something stings you.
* * * LOW HITPOINT WARNING * * *
Your plate armour prevents you from hitting something.
You feel you are being watched by something.
Something hits you!
You die...

## ##.## ##########
##.#.###.#...##.##### s
.....#.(.#...#...##.### 8(
.#..#........o#.@)....## ...
.).#.......#....#{))...## ....
#........####^#...#(....####.....
...##.#.## #.....##..^..#8......
...^....## #...#..^......%†..8.8.
.##....[.##....#.#.......#8......
#....#.....#.....[#.....#########
^#..#....#..#.#...#.....####
#....#..............#......##


There were no monsters in sight!

Vanquished Creatures
  Arachne (Spider:2)
  Kirke (Lair:6)
  An emperor scorpion (Spider:1)
  2 entropy weavers (Spider:1)
  Fannar (Lair:2)
  Josephine (Lair:5)
  3 hydras
  3 ogre magi
  Erolcha (D:13)
  A vault guard (D:13)
  3 centaur warriors (D:13)
  Harold (D:11)
  3 catoblepae (Lair:6)
  A death knight (D:15)
  9 death yaks (Lair:6)
  A tengu warrior (D:14)
  An orc high priest (Orc:1)
  Urug (D:13)
  The ghost of markt42 the Basher, a novice GrFi (D:9)
  2 wizards
  3 hill giants
  Pikel (D:7)
  2 orc knights (D:13)
  A necromancer (IceCv)
  2 orb spiders (Spider:1)
  3 orc sorcerers
  4 wolf spiders
  A cyclops (Orc:1)
  A moth of wrath (Spider:2)
  2 ugly things (D:13)
  3 ice statues (IceCv)
  3 elephants
  6 spiny frogs
  3 black mambas
  A gargoyle (D:13)
  2 centaur skeletons
  7 ice devils (IceCv)
  3 rime drakes
  4 komodo dragons
  A demonic crawler (Spider:2)
  2 tengu conjurers
  An efreet (D:14)
  3 trolls
  2 meliai (Lair:5)
  9 jumping spiders
  A queen bee (Lair:5)
  7 slime creatures (D:14)
  2 blink frogs (Lair:4)
  3 two-headed ogres
  3 hornets
  The ghost of markt42 the Cudgeler, an amateur GrFi (D:3)
  3 dream sheep (Lair:4)
  8 hippogriffs
  9 tarantellas
  40 redbacks
  A spriggan (D:8)
  Eustachio (D:4)
  24 yaks
  A yak (shapeshifter) (D:15)
  6 hogs (Lair:6)
  6 wraiths
  A human (D:13)
  3 hungry ghosts
  A vampire mosquito (D:13)
  A warg (Orc:1)
  5 swamp worms (Lair:2)
  2 mottled dragons
  A soldier ant (D:15)
  6 water moccasins
  Duvessa (D:4)
  5 porcupines
  4 orc warriors
  5 sky beasts
  2 eyes of draining
  4 ice beasts
  3 necrophages
  2 phantoms
  10 wolves
  22 ogres
  2 slaves (D:7)
  A boggart (D:14)
  15 centaurs
  12 crocodiles
  A big kobold (D:12)
  10 bullfrogs
  Dowan (D:4)
  8 scorpions
  A hornet simulacrum (D:15)
  7 wights
  12 killer bees
  An electric eel (Lair:2)
  5 howler monkeys
  4 crimson imps
  2 draconian simulacra (IceCv)
  A hound (D:7)
  A jelly (D:8)
  2 orc priests
  3 bullfrog skeletons
  A gnoll shaman (D:9)
  8 orc wizards
  Natasha (thrice) (D:3 D:6)
  2 spriggan simulacra (IceCv)
  3 troll simulacra (IceCv)
  12 worker ants
  A centaur simulacrum (IceCv)
  2 hound zombies
  Robin (D:2)
  A naga simulacrum (IceCv)
  12 adders
  13 gnolls
  An ogre simulacrum (IceCv)
  4 shadow imps
  An ooze (D:3)
  An adder zombie (D:9)
  2 adder skeletons
  5 worms
  4 dart slugs
  6 leopard geckos
  27 orcs
  A ball python (D:1)
  8 giant cockroaches
  20 goblins
  13 hobgoblins
  14 jackals
  11 kobolds
  4 quokkas
  A ball python skeleton (D:4)
  10 bats
  9 frilled lizards
  A giant cockroach zombie (D:5)
  A leopard gecko skeleton (D:3)
  A leopard gecko zombie (D:7)
  7 rats
  3 fungi (Lair:6)
  5 plants
610 creatures vanquished.

Vanquished Creatures (collateral kills)
  A vault guard (D:13)
  2 hydras
  A catoblepas (Lair:4)
  4 centaur warriors
  3 ogre magi
  4 death yaks (Lair:6)
  An unseen horror (D:14)
  A wizard (D:15)
  3 hill giants
  4 deep elf magi
  A wolf spider zombie (D:14)
  6 orb spiders
  2 orc sorcerers
  6 wolf spiders
  A slime creature (D:14)
  3 cyclopes
  5 elephants
  A gargoyle (D:13)
  A spiny frog (Lair:6)
  A rime drake (Lair:5)
  7 demonic crawlers
  An efreet (D:13)
  5 komodo dragons
  A troll (D:9)
  A meliai (Lair:5)
  20 jumping spiders
  11 blink frogs
  A hornet (Spider:1)
  A two-headed ogre (D:15)
  2 dream sheep (Lair:4)
  3 hippogriffs
  4 wyverns
  29 redbacks
  12 tarantellas
  A wraith (Lair:5)
  9 yaks
  2 basilisks
  2 vampire mosquitoes (D:13)
  2 wargs (Orc:1)
  6 water moccasins
  A swamp worm (Lair:2)
  2 hell hounds (D:11)
  An orc warrior (D:12)
  A hornet zombie (D:10)
  4 ogres
  3 boggarts (D:14)
  2 phantoms (D:14)
  8 centaurs
  3 crocodiles
  A big kobold (D:9)
  10 bullfrogs
  2 scorpions
  10 killer bees
  2 wights
  An electric eel (Lair:4)
  A hound (D:12)
  5 orc wizards
  2 orc priests
  A gnoll (D:10)
  16 orcs
  A quokka (D:12)
  4 kobolds (D:9)
  7 fungi
  5 plants
264 creatures vanquished.

Vanquished Creatures (others)
  11 orc knights
  An unseen horror (D:13)
  5 orc sorcerers
  9 orc warriors
  A yak (Lair:1)
  2 slaves (D:7)
  A bullfrog (D:7)
  5 orc priests
  13 orc wizards
  25 orcs
  6 fungi (Lair:6)
  9 plants (Lair:6)
88 creatures vanquished.

Grand Total: 962 creatures vanquished

Notes
Turn   | Place    | Note
-------+----------+-------------------------------------------
     0 | D:1      | kae the Hill Orc Fighter began the quest for the Orb.
     0 | D:1      | Reached XP level 1. HP: 19/19 MP: 1/1
   104 | D:1      | Reached skill level 3 in Axes
   149 | D:1      | Reached XP level 2. HP: 27/27 MP: 2/2
   475 | D:1      | Reached XP level 3. HP: 33/33 MP: 3/3
   763 | D:2      | Reached skill level 4 in Axes
   905 | D:2      | Reached XP level 4. HP: 34/40 MP: 4/4
  1095 | D:2      | Noticed Robin
  1108 | D:2      | Killed Robin
  1433 | D:3      | Found a glowing drain.
  1444 | D:3      | Reached skill level 5 in Axes
  1447 | Sewer    | Entered a sewer
  1452 | Sewer    | Reached XP level 5. HP: 38/47 MP: 5/5
  1476 | Sewer    | Noticed a crocodile
  2051 | D:3      | Became a worshipper of Beogh the Brigand
  2295 | D:3      | Found a glowing silver altar of Zin.
  2455 | D:3      | Reached skill level 6 in Axes
  2455 | D:3      | Reached XP level 6. HP: 35/55 MP: 6/6
  2476 | D:3      | Reached skill level 5 in Fighting
  2679 | D:3      | Noticed Natasha
  2693 | D:3      | Killed Natasha
  2825 | D:3      | Noticed markt42's ghost (amateur GrFi)
  2841 | D:3      | Killed markt42's ghost
  2841 | D:3      | Reached skill level 7 in Axes
  2841 | D:3      | Reached skill level 5 in Armour
  2841 | D:3      | Reached XP level 7. HP: 38/61 MP: 7/7
  3041 | D:3      | Noticed Natasha
  3050 | D:3      | Killed Natasha
  3276 | D:4      | Noticed Duvessa
  3278 | D:4      | Noticed Dowan
  3482 | D:4      | Killed Duvessa
  3482 | D:4      | Reached skill level 8 in Axes
  3490 | D:4      | Killed Dowan
  3998 | D:4      | Noticed Eustachio
  4025 | D:4      | Killed Eustachio
  4025 | D:4      | Reached XP level 8. HP: 55/70 MP: 8/8
  4454 | D:4      | Reached skill level 9 in Axes
  4763 | D:5      | Entered Level 5 of the Dungeon
  4773 | D:5      | Reached skill level 1 in Invocations
  4775 | D:5      | Reached * piety under Beogh
  5544 | D:5      | Reached skill level 10 in Axes
  5678 | D:5      | Found a white marble altar of Elyvilon.
  5938 | D:5      | Found a staircase to the Ecumenical Temple.
  6123 | D:5      | Reached XP level 9. HP: 63/79 MP: 11/11
  6378 | D:6      | Found Coethos's Food Shop.
  6380 | D:6      | Reached ** piety under Beogh
  6431 | D:6      | Noticed Natasha
  6436 | D:6      | Killed Natasha
  6656 | D:6      | Found a radiant altar of Vehumet.
  7145 | D:6      | Reached skill level 11 in Axes
  7291 | D:7      | Reached skill level 5 in Invocations
  7475 | D:7      | Found a snail-covered altar of Cheibriados.
  7562 | D:7      | Noticed Pikel
  7580 | D:7      | Killed Pikel
  7580 | D:7      | Reached skill level 12 in Axes
  7589 | D:7      | Reached XP level 10. HP: 59/88 MP: 14/14
  7758 | D:7      | Found a blossoming altar of Fedhas.
  8040 | D:8      | Gained mutation: You are resistant to electric shocks. (rElec) [potion of beneficial mutation]
  8691 | D:8      | Noticed a fire dragon
  9259 | D:9      | Reached *** piety under Beogh
  9306 | D:9      | Found Oheku's Weapon Boutique.
 10061 | D:9      | Reached skill level 13 in Axes
 10262 | D:9      | Noticed markt42's ghost (novice GrFi)
 10286 | D:9      | Killed markt42's ghost
 10651 | D:9      | Got a brightly glowing buckler
 10662 | D:9      | Identified the +1 buckler of Bettofur {*Drain rElec rN+++ MR++} (You found it on level 9 of the Dungeon)
 11084 | D:10     | Entered Level 10 of the Dungeon
 11087 | D:10     | Gained Spirok as an ally
 11313 | D:10     | Noticed a hill giant
 11319 | D:10     | Killed a hill giant
 11319 | D:10     | Reached XP level 11. HP: 78/97 MP: 15/17
 11344 | D:10     | Got a pair of heavily runed gloves
 11355 | D:10     | Identified the +2 pair of gloves "Faxaj" {rPois Dex+7} (You found it on level 10 of the Dungeon)
 11412 | D:10     | Reached skill level 14 in Axes
 11490 | D:10     | Reached **** piety under Beogh
 11583 | D:10     | Noticed a hill giant
 11597 | D:10     | Killed a hill giant
 11892 | D:11     | Reached skill level 10 in Fighting
 12175 | D:11     | Gained Nordag as an ally
 12369 | D:11     | Noticed Harold
 12396 | D:11     | Found a staircase to the Lair.
 12404 | D:11     | Killed Harold
 12682 | D:11     | Noticed a hill giant
 12688 | D:11     | Killed a hill giant
 12688 | D:11     | Reached skill level 5 in Shields
 12816 | Lair:1   | Entered Level 1 of the Lair of Beasts
 13025 | Lair:1   | Reached skill level 15 in Axes
 13158 | Lair:1   | Reached XP level 12. HP: 95/107 MP: 19/19
 13158 | Lair:1   | Your ally Spirok died
 13162 | Lair:1   | Reached ***** piety under Beogh
 13369 | Lair:1   | Reached skill level 10 in Armour
 13717 | Lair:2   | Found a hole to the Spider Nest.
 13935 | Lair:2   | Noticed Fannar
 13939 | Lair:2   | Killed Fannar
 13939 | Lair:2   | Reached skill level 10 in Invocations
 14066 | Lair:2   | Got a heavily runed tin ring
 14097 | Lair:2   | Identified the ring of Dyitwisyps {+Inv rN+} (You found it on level 2 of the Lair of Beasts)
 14186 | Lair:2   | Killed a seven-headed hydra
 14186 | Lair:2   | Reached skill level 16 in Axes
 14189 | Lair:2   | Found a staircase to the Swamp.
 14610 | Lair:3   | Noticed a six-headed hydra
 14618 | Lair:3   | Your ally Nordag died
 14620 | Lair:3   | Killed a seven-headed hydra
 14876 | Lair:3   | Noticed a five-headed hydra
 14884 | Lair:3   | Killed an eight-headed hydra
 15487 | Lair:4   | Reached XP level 13. HP: 109/116 MP: 21/21
 15549 | Lair:4   | Reached skill level 17 in Axes
 15549 | Lair:4   | Gained Bogward as an ally
 16032 | Lair:5   | Gained Boderik as an ally
 16293 | Lair:5   | Noticed Josephine
 16298 | Lair:5   | Killed Josephine
 16630 | Lair:6   | Entered Level 6 of the Lair of Beasts
 16966 | Lair:6   | Found a runed door.
 16969 | Lair:6   | Found a viscous altar of Jiyva.
 16969 | Lair:6   | Noticed an acid blob
 17107 | Lair:6   | Noticed Kirke
 17108 | Lair:6   | Noticed a sphinx
 17133 | Lair:6   | Killed Kirke
 18090 | Lair:6   | Reached skill level 18 in Axes
 18111 | Lair:6   | Your ally Boderik died
 18114 | Lair:6   | Reached XP level 14. HP: 73/127 MP: 23/23
 18126 | Lair:6   | Your ally Bogward died
 19034 | Lair:6   | Found a staircase to the Slime Pits.
 19499 | D:12     | Found a staircase to the Orcish Mines.
 19871 | D:13     | Noticed Erolcha
 19878 | D:13     | Killed Erolcha
 20326 | D:13     | Reached skill level 19 in Axes
 20341 | D:13     | Found a frozen archway.
 20356 | IceCv    | Entered an ice cave
 20528 | IceCv    | Reached ****** piety under Beogh
 21720 | D:13     | Found a gate to the Vaults.
 21880 | D:13     | Reached XP level 15. HP: 121/136 MP: 24/24
 21919 | D:13     | Noticed Urug
 21926 | D:13     | Killed Urug
 21957 | D:13     | Gained Arkwar as an ally
 22353 | D:14     | Found an iron altar of Okawaru.
 22669 | D:14     | Gained Warrok as an ally
 22783 | D:14     | Found Hujil's Food Emporium.
 23613 | D:15     | Entered Level 15 of the Dungeon
 23741 | D:15     | Reached skill level 1 in Dodging
 23950 | D:15     | Gained Wardok as an ally
 24115 | D:15     | Your ally Warrok died
 24120 | D:15     | Gained Zorug as an ally
 24137 | D:15     | Found Meahisan's Armour Boutique.
 24237 | D:15     | Found a staircase to the Depths.
 24240 | D:15     | Reached skill level 20 in Axes
 24490 | Orc:1    | Entered Level 1 of the Orcish Mines
 24566 | Orc:1    | Found Cir Jir's Antique Weapon Emporium.
 24591 | Orc:1    | Found Zamod's Antique Weapon Shop.
 24641 | Orc:1    | Found Puanedghe's Antique Weapon Emporium.
 24670 | Orc:1    | Bought an iridescent hand crossbow for 263 gold pieces
 24894 | Orc:2    | Entered Level 2 of the Orcish Mines
 25025 | Orc:2    | Found a staircase to the Elven Halls.
 25157 | Orc:2    | Found Matwom's Gadget Emporium.
 25278 | Orc:2    | Found an ancient bone altar of Kikubaaqudgha.
 25282 | Orc:2    | Found Xewn's Magic Scroll Emporium.
 25317 | Orc:2    | Bought a scroll of torment for 90 gold pieces
 25321 | Orc:2    | Found a radiant altar of Vehumet.
 25347 | Orc:2    | Found a roughly hewn altar of Beogh.
 25348 | Orc:2    | Found Viliseat's Magic Scroll Shoppe.
 25369 | Orc:2    | Found Nics's Antique Weapon Shoppe.
 25377 | Orc:2    | Bought an encrusted dire flail for 288 gold pieces
 25603 | Orc:1    | Found Nesch's Armour Shop.
 25660 | Orc:1    | Gained Oreg as an ally
 25893 | Spider:1 | Entered Level 1 of the Spider Nest
 25897 | Spider:1 | Noticed an emperor scorpion
 25897 | Spider:1 | Gained Orkwin as an ally
 25901 | Spider:1 | Gained Margrim as an ally
 25903 | Spider:1 | Your ally Orkwin died
 25903 | Spider:1 | Your ally Oreg died
 25921 | Spider:1 | Killed an emperor scorpion
 25927 | Spider:1 | Your ally Wardok died
 26152 | Spider:1 | Your ally Margrim died
 26194 | Spider:1 | Reached XP level 16. HP: 76/146 MP: 26/26
 26518 | Spider:1 | Your ally Arkwar died
 26758 | Spider:2 | Gained Nordag as an ally
 26858 | Spider:2 | Gained Zartorak as an ally
 26874 | Spider:2 | Noticed Arachne
 26904 | Spider:2 | Killed Arachne
 27372 | Spider:2 | Reached skill level 21 in Axes
 27594 | Spider:2 | HP: 7/147 [poisoned by a redback]
 27599 | Spider:2 | HP: 5/147 [poisoned by a redback]
 27604 | Spider:2 | HP: 5/147 [poisoned by a redback]
 27610 | Spider:2 | HP: 5/147 [poisoned by a redback]
 27617 | Spider:2 | HP: 5/147 [poisoned by a redback]
 27632 | Spider:2 | Your ally Zorug died
 27637 | Spider:2 | Your ally Nordag died
 27640 | Spider:2 | Your ally Zartorak died
 27651 | Spider:2 | HP: 6/147 [something (3)]
 27652 | Spider:2 | Slain by a ghost moth

Skill      XL: |  1  2  3  4  5  6  7  8  9 10 11 12 13 14 15 16 |
---------------+-------------------------------------------------+-----
Axes           | 3 4 5 6 7 8 10 12 13 15 16 18 19 20 21 | 21.1
Fighting       | 4 5 6 7 8 9 10 11 12 13 14 | 14.5
Armour         | 4 5 6 7 9 10 11 12 13 | 13.9
Invocations    | 3 6 8 9 11 12 13 14 | 14.5
Shields        | 5 6 8 9 |  9.7
Dodging        | 3 4 |  4.1

Action                   |  1- 3 |  4- 6 |  7- 9 | 10-12 | 13-15 | 16-18 || total
-------------------------+-------+-------+-------+-------+-------+-------++-------
Melee: War axe           |    93 |   200 |   224 |   464 |   913 |   175 ||  2069
       Broad axe         |       |       |   123 |    90 |       |       ||   213
Throw: Tomahawk          |       |       |     3 |     1 |       |       ||     4
       Throwing net      |       |       |       |     1 |       |       ||     1
Invok: Convert to Beogh  |       |     1 |       |       |       |       ||     1
       Smiting           |       |       |       |     8 |    12 |     7 ||    27
       Recall Orcish Fol |       |       |       |     5 |     8 |       ||    13
       Give Item to Name |       |       |       |     1 |     6 |     2 ||     9
Evoke: Wand              |       |       |       |       |     1 |     2 ||     3
  Use: Scroll            |     2 |     2 |    10 |    14 |    11 |     1 ||    40
       Potion            |       |     7 |     2 |     4 |     1 |       ||    14
 Stab: Distracted        |       |       |       |       |     8 |       ||     8
       Paralysed         |       |       |       |       |     5 |       ||     5
       Petrifying        |       |       |       |       |     3 |       ||     3
       Petrified         |       |       |       |       |     3 |       ||     3
  Eat: Chunk             |       |     7 |    30 |    35 |    33 |     5 ||   110
Armor: Scale mail        |    32 |    92 |    21 |       |       |       ||   145
       Ring mail         |       |       |   101 |   203 |   227 |       ||   531
       Plate armour      |       |       |       |       |   210 |   155 ||   365
Dodge: Dodged            |    31 |    67 |    76 |   184 |   252 |    69 ||   679
Block: Shield            |    45 |   105 |   130 |    84 |       |       ||   364
       Buckler           |       |       |       |    91 |   250 |    68 ||   409
